 Dungeon Crawl Stone Soup version 0.31.0-2-g5a2aebc5c2 (webtiles) character file.

Game seed: 6590099607709579146

66 Sweeb the Apothecary (level 4, 0/38 HPs)
             Began as a Naga Alchemist on Jan 20, 2024.
             Slain by an orc priest
             ... wielding a +0 hand axe
              (8 damage)
             ... on level 3 of the Dungeon.
             The game lasted 00:06:07 (1824 turns).

Sweeb the Apothecary (Naga Alchemist)               Turns: 1824, Time: 00:06:08

Health: 0/38       AC:  3    Str: 10    XL:     4   Next: 15%
Magic:  8/8        EV:  9    Int: 18    God:
Gold:   157        SH:  0    Dex: 11    Spells: 8/9 levels left

rFire   . . .        (no weapon)
rCold   . . .        (no shield)
rNeg    . . .        j - +0 robe {Will+}
rPois   +            (no helmet)
rElec   .            (no cloak)
rCorr   .            i - +0 pair of gloves
SInv    +            (no barding)
Will    +....        (no amulet)
Stlth   ++           (no ring)
HPRegen 0.26/turn    (no ring)
MPRegen 0.11/turn

%: no passive effects
@: lethally poisoned (0 -> -4), very slow
A: AC +1, large, see invisible, deformed body, poison resistance, slowness 2,
spit poison 1, naga tail 1
a: Spit Poison


You were on level 3 of the Dungeon.
You visited 1 branch of the dungeon, and saw 3 of its levels.

You collected 157 gold pieces.

Inventory:

Armour
 a - a +0 robe
 i - a +0 pair of gloves (worn)
 j - a +0 robe of willpower (worn)
Jewellery
 g - a +4 ring of slaying
Scrolls
 d - a scroll of fog {unknown}
 e - a scroll of enchant armour {unknown}
Potions
 b - a potion of magic
 c - 2 potions of brilliance
 f - a potion of attraction {unknown}
 h - 3 potions of curing {unknown}


   Skills:
 + Level 1.3 Fighting
 - Level 1.5 Dodging
 + Level 4.0 Stealth
 * Level 3.0 Spellcasting
 - Level 1.0 Conjurations
 + Level 4.1 Alchemy


You had 8 spell levels left.
You knew the following spells:

 Your Spells              Type           Power      Damage    Failure   Level
a - Sting                 Conj/Alch      48%        1d6       5%          1

Your spell library contained the following spells:

 Spells                   Type           Power      Damage    Failure   Level
 Mercury Vapours          Alch/Air       20%        N/A       11%         2
 Freeze                   Ice            8%         1d3       16%         1
 Mephitic Cloud           Conj/Alch/Air  8%         N/A       24%         3
 Olgreb's Toxic Radiance  Alch           17%        N/A       28%         4
 Hailstorm                Conj/Ice       4%         3d5       36%         3
 Frozen Ramparts          Ice            4%         1d1       43%         3
 Sticky Flame             Fire/Alch      10%        2d5       56%         4


Dungeon Overview and Level Annotations

Branches:
Dungeon (3/15)

Altars:


Innate Abilities, Weirdness & Mutations

Your serpentine skin is tough. (AC +1)
You have supernaturally acute eyesight. (SInv)
Armour fits poorly on your strangely shaped body.
Your system is resistant to poisons. (rPois)
You cover ground very slowly.
You can spit poison.
You have a snake-like lower body.


Message History

Your Spellcasting skill increases to level 3!
Found 9 gold pieces.
You see here a quokka corpse.
Found 12 gold pieces.
You now have 145 gold pieces (gained 9).
You now have 157 gold pieces (gained 12).
HP restored.
An adder comes into view.
An adder is nearby!
An adder is nearby!
Found two stone staircases leading down.
An orc priest and 3 orcs come into view.
The orc priest shouts!
The orc shouts! x2; The adder hisses angrily.
You miss the adder. The adder misses you.
You hit the adder but do no damage. The adder closely misses you.
The adder barely misses you.
Casting: Sting (safe; 5% risk of failure)
Confirm with . or Enter, or press ? or * to list all spells.
You don't know that spell.
The orc priest hits you with a +0 hand axe.
The adder barely misses you.
The orc priest mumbles some strange prayers to Beogh against you.
Beogh smites you! The adder bites you. The adder barely misses you.
The orc priest attacks as it pursues you!
The orc priest hits you but does no damage.
Casting: Sting (safe; 5% risk of failure)
Confirm with . or Enter, or press ? or * to list all spells.
You don't know that spell.
You hit the orc priest but do no damage.
The adder bites you. x2
You barely miss the orc. The adder bites you.
* * * LOW HITPOINT WARNING * * *
You barely miss the orc. The adder bites you but does no damage.
You barely miss the orc priest. The adder bites you.
* * * LOW HITPOINT WARNING * * *
You are poisoned.
The adder poisons you! The orc barely misses you.
The orc priest hits you with a +0 hand axe!
You die...

#..........##.#.#
##########.#....†#<#
...........#.#####.#
######....#.. ###
#.##.#### #.##.#
#.##.####.#.#
#.##........#
#.##o@##.... #.##So#
.# ###..oo...#
#..8...8..#
#...........#
#.....8.....#
#..>.....>..#
#.....8.....#
#...........#


You could see an orc priest, an adder and 3 orcs.

Vanquished Creatures
  4 adders (D:2)
  A ribbon worm (D:2)
  A dart slug (D:2)
  4 ball pythons (D:1)
  A bat (D:1)
  3 endoplasms
  2 hobgoblins
  A kobold (D:1)
  2 quokkas
  2 frilled lizards (D:1)
  3 goblins (D:2)
  3 rats
27 creatures vanquished.

Notes
Turn   | Place    | Note
-------+----------+-------------------------------------------
     0 | D:1      | Sweeb the Naga Alchemist began the quest for the Orb.
     0 | D:1      | Reached XP level 1. HP: 15/15 MP: 3/3
   268 | D:1      | Reached XP level 2. HP: 15/24 MP: 1/5
   949 | D:2      | Reached XP level 3. HP: 26/30 MP: 2/6
   963 | D:2      | Reached skill level 1 in Fighting
  1286 | D:2      | Reached XP level 4. HP: 22/38 MP: 4/8
  1769 | D:2      | Upgraded the game from 0.31.0 to 0.31.0-2-g5a2aebc5c2
  1824 | D:3      | Slain by an orc priest

Illustrated notes

Levels and vault maps discovered:
D:1:      scummos_arrival_hexagon, layout_loops_ring,
          nicolae_houndstooth_variations
D:2:      layout_loops_cross
D:3:      layout_basic, shapermc_ecumenical_altar_pompeii, grunt_ministairs_10,
          nicolae_shop_vocational

Skill      XL: |  1  2  3  4 |
---------------+-------------+-----
Fighting       | 1 |  1.3
Alchemy        | 4 |  4.1
Stealth        | 4 |  4.0
Spellcasting   | 3 |  3.0
Dodging        | |  1.5
Conjurations   | |  1.0

Action                     |  1- 3 |  4- 6 || total
---------------------------+-------+-------++-------
  Melee: Unarmed           |    31 |    20 ||    51
   Cast: Sting             |    32 |     8 ||    40
Ability: Spit Poison       |     8 |     1 ||     9
    Use: Scroll            |     3 |       ||     3
   Stab: Sleeping          |       |     1 ||     1
 Armour: Robe              |    31 |    17 ||    48
  Dodge: Dodged            |    16 |    12 ||    28
